 Dungeon Crawl Stone Soup version 0.29-a0-648-g6b26cc9f40 (webtiles) character file.

Game seed: 597970784005046869

13 miscthings the Cudgeller (level 2, 0/26 HPs)
             Began as a Meteoran Monk on June 21, 2022.
             Slain by a goblin
             ... wielding a +0 dagger
              (4 damage)
             ... on level 1 of the Dungeon.
             The game lasted 00:00:29 (190 turns).

miscthings the Cudgeller (Meteoran Monk)             Turns: 190, Time: 00:00:29

Health: 0/26       AC:  2    Str: 12    XL:     2   Next: 70%
Magic:  3/3        EV: 13    Int: 11    God:
Gold:   12         SH:  0    Dex: 16    Spells: 1/1 levels left

rFire   . . .      SeeInvis .   a - +0 mace
rCold   . . .      Faith    .   (no shield)
rNeg    . . .      Spirit   .   b - +0 robe
rPois   .          Reflect  .   (no helmet)
rElec   .          Harm     .   (no cloak)
rCorr   .          Rampage  .   (no gloves)
Will    .....                   (no boots)
Stlth   +.........              (no amulet)
HPRegen 0.08/turn               (no ring)
MPRegen 0.08/turn               (no ring)

@: glowing
A: sense surroundings 1, otherworldly, glowing, explore regen
a: no special abilities


You were on level 1 of the Dungeon.
You visited 1 branch of the dungeon, and saw 1 of its levels.

You collected 12 gold pieces.

Inventory:

Hand Weapons
 a - a +0 mace (weapon)
Armour
 b - a +0 robe (worn)
Scrolls
 d - a scroll of identify {unknown}
 f - a scroll of acquirement {unknown}
Potions
 c - a potion of ambrosia
 e - a potion of heal wounds {unknown}


   Skills:
 - Level 3.2 Fighting
 + Level 5.0 Maces & Flails
 - Level 3.6 Dodging
 - Level 1.4 Stealth


You had one spell level left.
You didn't know any spells.
Your spell library was empty.

Dungeon Overview and Level Annotations

Branches:
Dungeon (1/15) Zot: 403

Altars:


Innate Abilities, Weirdness & Mutations

You passively map a small area around you.
You are easily found by Zot.
You glow in the dark.
You regain HP and MP as you explore.


Message History

You thump the bat!
You kill the bat!
The hobgoblin hits you.
You are too injured to fight recklessly!
You sock the hobgoblin!
You kill the hobgoblin!
You are too injured to fight recklessly!
You are too injured to fight recklessly!
You barely miss the frilled lizard. The frilled lizard bites you.
You are too injured to fight recklessly!
You sock the frilled lizard!
You kill the frilled lizard!
Your Maces & Flails skill increases to level 5!
You are too injured to fight recklessly!
You completely miss the rat. The rat bites you.
You hit the rat.
The rat is severely wounded.
The rat bites you.
* * * LOW HITPOINT WARNING * * *
You hit the rat.
You kill the rat!
There is an open door, spattered with blood here.
Things that are here:
a rat corpse; a hobgoblin corpse; a bat corpse A goblin comes into view.
It is wielding a +0 dagger.
The goblin shouts!
Found a scroll labelled VOKUCA BEOTS.
A dart slug comes into view.
An endoplasm comes into view.
The dart slug launches a dart at you. The slug dart hits you.
The goblin completely misses you.
You hit the goblin.
The goblin is severely wounded.
The goblin hits you with a +0 dagger. The dart slug launches a dart at you.
The slug dart hits you.
* * * LOW HITPOINT WARNING * * *
The goblin hits you with a +0 dagger.
You die...

#....#......# ,
#....#......# #
#....#############
###....#####.......#
**,
'.'........†.......+
###.....[.##.......#
# ####....##......$#
# #....##.......# ,
######....##....@..#
*
....##....##.....g.#
....##....##..(....#
....########...J...#
* ....# #.......#
....###### #....?.w#
.........# ##.......
,,, .........#
#........ *
.........# , ,


You could see a dart slug, an endoplasm and a goblin.

Vanquished Creatures
  A dart slug (D:1)
  2 giant cockroaches (D:1)
  A hobgoblin (D:1)
  2 jackals (D:1)
  2 bats (D:1)
  A frilled lizard (D:1)
  A rat (D:1)
10 creatures vanquished.

Notes
Turn   | Place    | Note
-------+----------+-------------------------------------------
     0 | D:1      | miscthings the Meteoran Monk began the quest for the Orb.
     0 | D:1      | Reached XP level 1. HP: 19/19 MP: 2/2
    95 | D:1      | Reached XP level 2. HP: 21/26 MP: 3/3
   181 | D:1      | Reached skill level 5 in Maces & Flails
   190 | D:1      | Slain by a goblin

Illustrated notes

Levels and vault maps discovered:
D:1:      saegor_arrival_simple_a, layout_basic

Skill      XL: |  1  2 |
---------------+-------+-----
Maces & Flails | 5 |  5.0
Fighting       | |  3.2
Dodging        | |  3.6
Stealth        | |  1.4

Action                   || total
-------------------------++-------
Melee: Mace              ||    33
Armor: Robe              ||    17
Dodge: Dodged            ||    16

Table legend: (Time is in decaauts)
 A = Elapsed time spent in this place.
 B = Non-inter-level travel time spent in this place.
 C = Inter-level travel time spent in this place.
 D = Time resting spent in this place.
 E = Time spent auto-exploring this place.
 F = Levels seen in this place.
 G = Mean time per level.
                   A        B        C        D        E       F      G
               +--------+--------+--------+--------+--------+-----+--------+
         Total |    195 |    195 |      0 |      0 |    120 |   1 |  195.0 |
       Dungeon |    195 |    195 |      0 |      0 |    120 |   1 |  195.0 |
               +--------+--------+--------+--------+--------+-----+--------+

Top non-repeatable levels by time:
     D:1: 195 daAuts
